General information
- name: BNet
- type: Ladder team game (AT/RT)
- host: Battle.net
- saver: pizzafan1739
map: GolemsInTheMist
- players: 8
- length: 25:29
- speed: Fast
- version: 1.26 W3XP
- replay type:

» download(236 KB)
Players
team 1 (winner)
backintheUSSR (
teal | 96 APM | 2442 actions | 25:28)
3 Archmage
2 Blizzard
1 Brilliance Aura
3 Mountain King
2 Storm Bolt
1 Bash
2 Paladin
1 Holy Light
1 Divine Shield
» actions
| Assign group hotkey | 10 | |
| Basic commands | 21 | |
| Build / train | 142 | |
| ESC pressed | 1 | |
| Enter build submenu | 70 | |
| Enter hero's abilities submenu | 8 | |
| Give item / drop item | 6 | |
| Right click | 1065 | |
| Select / deselect | 249 | |
| Select group hotkey | 715 | |
| Use ability | 155 | |
2442 total
» units
| Peasant | 20 | |
| Dragonhawk Rider | 4 | |
24 total
» upgrades
| Masonry | 3 | |
| Lumber Harvesting | 2 | |
| Magic Sentry | 1 | |
| Animal War Training | 1 | |
| Armor | 3 | |
| Swords | 3 | |
| Cloud | 1 | |
14 total
» buildings
| Lumber Mill | 1 | |
| Altar of Kings | 1 | |
| Farm | 5 | |
| Scout Tower | 75 | |
| Arcane Tower | 15 | |
| Guard Tower | 58 | |
| Town Hall | 1 | |
| Arcane Vault | 2 | |
| Keep | 3 | |
| Arcane Sanctum | 1 | |
| Castle | 4 | |
| Gryphon Aviary | 1 | |
| Blacksmith | 1 | |
| Barracks | 1 | |
169 total
» build order
00:24 Lumber Mill
00:28 Altar of Kings
00:34 Farm
01:20 Scout Tower
01:33 Scout Tower
01:35 Farm
01:52 Arcane Tower
02:08 Guard Tower
02:09 Scout Tower
02:22 Scout Tower
02:36 Guard Tower
02:36 Guard Tower
02:38 Scout Tower
02:59 Guard Tower
03:00 Scout Tower
03:02 Scout Tower
03:06 Guard Tower
03:31 Scout Tower
03:32 Scout Tower
03:37 Guard Tower
03:37 Guard Tower
03:38 Guard Tower
03:39 Guard Tower
04:18 Guard Tower
04:19 Guard Tower
04:20 Scout Tower
04:21 Scout Tower
04:24 Town Hall
05:05 Guard Tower
05:07 Scout Tower
05:07 Scout Tower
05:28 Arcane Vault
05:37 Guard Tower
05:46 Scout Tower
05:46 Scout Tower
05:49 Scout Tower
05:50 Scout Tower
05:53 Scout Tower
05:54 Scout Tower
06:07 Keep
06:07 Keep
06:07 Keep
06:19 Scout Tower
06:20 Scout Tower
06:28 Scout Tower
06:29 Scout Tower
06:34 Guard Tower
06:35 Guard Tower
06:41 Guard Tower
06:41 Guard Tower
06:41 Guard Tower
06:41 Guard Tower
06:59 Guard Tower
07:10 Guard Tower
07:21 Guard Tower
07:21 Guard Tower
07:30 Guard Tower
08:07 Guard Tower
08:31 Arcane Sanctum
08:44 Castle
08:44 Castle
08:45 Castle
09:43 Gryphon Aviary
09:50 Scout Tower
09:51 Scout Tower
10:27 Guard Tower
10:28 Guard Tower
10:28 Guard Tower
10:33 Farm
10:34 Farm
10:35 Farm
10:50 Arcane Vault
10:53 Guard Tower
10:56 Scout Tower
10:57 Scout Tower
11:46 Guard Tower
11:56 Guard Tower
11:57 Scout Tower
12:11 Scout Tower
12:12 Scout Tower
12:13 Scout Tower
12:14 Scout Tower
12:24 Blacksmith
12:27 Barracks
12:32 Scout Tower
12:32 Scout Tower
12:33 Scout Tower
12:34 Scout Tower
12:35 Scout Tower
12:35 Scout Tower
12:37 Scout Tower
12:37 Scout Tower
12:37 Scout Tower
12:40 Scout Tower
12:40 Scout Tower
12:41 Scout Tower
12:51 Guard Tower
12:54 Scout Tower
12:55 Scout Tower
13:27 Arcane Tower
13:46 Guard Tower
13:46 Guard Tower
13:48 Guard Tower
13:48 Guard Tower
14:08 Guard Tower
14:10 Scout Tower
14:11 Scout Tower
14:13 Scout Tower
14:14 Guard Tower
14:43 Arcane Tower
14:45 Arcane Tower
14:46 Arcane Tower
14:46 Arcane Tower
14:49 Arcane Tower
14:49 Arcane Tower
14:50 Arcane Tower
14:52 Arcane Tower
14:52 Arcane Tower
14:52 Arcane Tower
14:52 Arcane Tower
15:15 Guard Tower
15:17 Scout Tower
15:17 Scout Tower
15:50 Guard Tower
15:52 Scout Tower
15:55 Scout Tower
17:19 Guard Tower
17:21 Scout Tower
17:22 Scout Tower
17:23 Scout Tower
17:25 Guard Tower
17:27 Scout Tower
17:27 Scout Tower
17:28 Scout Tower
17:28 Scout Tower
17:29 Scout Tower
17:30 Scout Tower
17:44 Scout Tower
17:45 Scout Tower
18:08 Guard Tower
18:15 Guard Tower
18:16 Guard Tower
18:19 Scout Tower
18:20 Scout Tower
18:23 Scout Tower
18:24 Scout Tower
18:40 Guard Tower
18:40 Guard Tower
18:41 Guard Tower
18:41 Guard Tower
18:54 Guard Tower
19:51 Guard Tower
20:13 Scout Tower
20:44 Guard Tower
20:49 Guard Tower
20:50 Scout Tower
20:51 Scout Tower
20:51 Scout Tower
20:52 Scout Tower
20:53 Scout Tower
22:31 Scout Tower
» items
| Scroll of Regeneration | 1 | |
| Lesser Clarity Potion | 1 | |
| Staff of Sanctuary | 3 | |
| Orb of Lightning | 5 | |
10 total
BandyWarhols (
blue | 80 APM | 2041 actions | 25:28)
6 Warden
3 Shadow Strike
3 Blink
1 Keeper of the Grove
1 Entangling Roots
» actions
| Assign group hotkey | 106 | |
| Basic commands | 22 | |
| Build / train | 89 | |
| Enter build submenu | 27 | |
| Enter hero's abilities submenu | 7 | |
| Give item / drop item | 2 | |
| Remove unit from queue | 4 | |
| Right click | 1005 | |
| Select / deselect | 460 | |
| Select group hotkey | 180 | |
| Use ability | 139 | |
2041 total
» units
» upgrades
| Strength of the Wild | 3 | |
| Reinforced Hides | 3 | |
| Well Spring | 1 | |
| Corrosive Breath | 1 | |
8 total
» buildings
| Altar of Elders | 1 | |
| Moon Well | 9 | |
| Tree of Life | 4 | |
| Tree of Ages | 3 | |
| Hunter's Hall | 1 | |
| Ancient of Wonders | 1 | |
| Tree of Eternity | 2 | |
| Ancient of Wind | 1 | |
| Chimaera Roost | 2 | |
24 total
» build order
00:01 Altar of Elders
00:03 Moon Well
01:42 Moon Well
05:02 Moon Well
05:03 Moon Well
05:04 Moon Well
05:06 Moon Well
07:00 Tree of Life
07:03 Tree of Ages
07:03 Tree of Ages
07:04 Tree of Ages
07:15 Hunter's Hall
08:10 Ancient of Wonders
08:20 Moon Well
08:23 Moon Well
09:24 Tree of Life
09:30 Tree of Life
09:36 Tree of Eternity
09:36 Tree of Eternity
09:39 Ancient of Wind
10:29 Moon Well
11:40 Tree of Life
12:20 Chimaera Roost
12:30 Chimaera Roost
» items
| Orb of Venom | 1 | |
| Healing Salve | 1 | |
| Staff of Sanctuary | 2 | |
4 total
Birdeneering (
green | 141 APM | 3599 actions | 25:28)
4 Mountain King
2 Storm Bolt
2 Bash
3 Paladin
2 Holy Light
1 Divine Shield
2 Blood Mage
1 Banish
1 Siphon Mana
» actions
| Assign group hotkey | 665 | |
| Basic commands | 44 | |
| Build / train | 99 | |
| Enter build submenu | 73 | |
| Enter hero's abilities submenu | 9 | |
| Give item / drop item | 2 | |
| Right click | 1473 | |
| Select / deselect | 328 | |
| Select group hotkey | 748 | |
| Use ability | 158 | |
3599 total
» units
» upgrades
| Masonry | 3 | |
| Lumber Harvesting | 2 | |
| Magic Sentry | 1 | |
6 total
» buildings
| Altar of Kings | 1 | |
| Farm | 4 | |
| Lumber Mill | 1 | |
| Scout Tower | 68 | |
| Arcane Tower | 15 | |
| Arcane Vault | 4 | |
| Guard Tower | 36 | |
| Keep | 1 | |
| Arcane Sanctum | 1 | |
| Castle | 1 | |
| Town Hall | 1 | |
| Gryphon Aviary | 1 | |
| Barracks | 1 | |
| Blacksmith | 1 | |
136 total
» build order
00:04 Altar of Kings
00:18 Farm
00:34 Lumber Mill
00:46 Farm
01:42 Scout Tower
01:47 Scout Tower
01:59 Scout Tower
02:02 Scout Tower
02:10 Arcane Tower
02:10 Arcane Tower
02:14 Scout Tower
02:16 Arcane Tower
02:17 Scout Tower
02:28 Arcane Vault
02:38 Arcane Vault
02:54 Guard Tower
03:04 Guard Tower
03:06 Scout Tower
03:22 Guard Tower
03:23 Scout Tower
03:42 Guard Tower
03:43 Scout Tower
03:50 Scout Tower
03:50 Scout Tower
04:01 Guard Tower
04:03 Scout Tower
04:06 Scout Tower
04:34 Keep
04:34 Guard Tower
04:36 Scout Tower
04:40 Scout Tower
04:41 Scout Tower
04:43 Guard Tower
04:57 Guard Tower
04:59 Scout Tower
05:28 Arcane Tower
05:35 Guard Tower
05:36 Scout Tower
05:38 Arcane Tower
05:39 Guard Tower
05:40 Scout Tower
05:45 Arcane Vault
05:49 Guard Tower
05:50 Scout Tower
06:03 Guard Tower
06:04 Scout Tower
06:32 Guard Tower
06:55 Guard Tower
06:56 Guard Tower
06:58 Arcane Sanctum
07:01 Farm
07:02 Farm
07:05 Arcane Tower
07:11 Scout Tower
07:13 Scout Tower
07:18 Scout Tower
08:02 Castle
08:06 Scout Tower
08:07 Arcane Tower
09:31 Arcane Tower
09:32 Scout Tower
09:36 Arcane Tower
09:38 Arcane Tower
10:04 Arcane Tower
10:23 Scout Tower
10:26 Scout Tower
10:27 Scout Tower
11:03 Arcane Tower
11:22 Guard Tower
11:24 Scout Tower
11:44 Guard Tower
11:46 Scout Tower
11:48 Scout Tower
11:53 Guard Tower
11:55 Arcane Vault
12:17 Town Hall
13:08 Scout Tower
13:09 Guard Tower
13:12 Scout Tower
13:36 Scout Tower
13:37 Scout Tower
13:38 Scout Tower
13:39 Scout Tower
13:40 Scout Tower
13:40 Scout Tower
13:41 Scout Tower
13:41 Scout Tower
13:52 Guard Tower
13:53 Scout Tower
13:57 Scout Tower
14:34 Guard Tower
14:36 Scout Tower
14:38 Scout Tower
14:51 Scout Tower
14:52 Scout Tower
16:03 Guard Tower
16:05 Scout Tower
16:08 Scout Tower
17:03 Guard Tower
17:07 Scout Tower
17:08 Scout Tower
17:14 Scout Tower
17:14 Scout Tower
17:19 Scout Tower
17:20 Scout Tower
17:26 Arcane Tower
17:26 Arcane Tower
17:27 Guard Tower
17:34 Scout Tower
17:34 Scout Tower
18:44 Guard Tower
18:46 Scout Tower
18:48 Scout Tower
18:49 Scout Tower
18:50 Scout Tower
18:55 Guard Tower
19:07 Gryphon Aviary
19:08 Guard Tower
19:10 Barracks
19:12 Blacksmith
19:15 Guard Tower
19:34 Guard Tower
19:37 Guard Tower
19:48 Guard Tower
21:13 Guard Tower
21:24 Scout Tower
23:15 Scout Tower
23:15 Guard Tower
23:37 Scout Tower
23:38 Scout Tower
23:38 Scout Tower
24:22 Guard Tower
24:32 Scout Tower
24:33 Guard Tower
24:38 Guard Tower
» items
| Healing Salve | 3 | |
| Orb of Lightning | 3 | |
| Staff of Sanctuary | 3 | |
| Scroll of Town Portal | 3 | |
12 total
pizzafan1739 (
purple | 108 APM | 2759 actions | 25:29)
4 Blademaster
2 Wind Walk
2 Critical Strike
» actions
| Assign group hotkey | 22 | |
| Basic commands | 9 | |
| Build / train | 82 | |
| Enter build submenu | 83 | |
| Enter hero's abilities submenu | 5 | |
| Give item / drop item | 4 | |
| Remove unit from queue | 2 | |
| Right click | 1664 | |
| Select / deselect | 448 | |
| Select group hotkey | 149 | |
| Use ability | 290 | |
2759 total
» units
» upgrades
| Liquid Fire | 1 | |
| Ranged Weapons | 2 | |
| Armor | 2 | |
| Reinforced Defenses | 1 | |
6 total
» buildings
| Altar of Storms | 1 | |
| Orc Burrow | 3 | |
| War Mill | 1 | |
| Watch Tower | 66 | |
| Voodoo Lounge | 6 | |
| Stronghold | 5 | |
| Great Hall | 1 | |
| Beastiary | 4 | |
| Fortress | 4 | |
91 total
» build order
00:16 Altar of Storms
00:19 Orc Burrow
00:34 War Mill
01:46 Watch Tower
02:00 Watch Tower
02:34 Voodoo Lounge
02:41 Watch Tower
02:43 Watch Tower
03:13 Watch Tower
03:30 Voodoo Lounge
03:32 Voodoo Lounge
03:36 Voodoo Lounge
04:20 Watch Tower
05:01 Watch Tower
05:02 Watch Tower
05:03 Watch Tower
05:06 Watch Tower
05:07 Stronghold
05:12 Stronghold
05:13 Stronghold
05:13 Stronghold
05:13 Stronghold
05:31 Watch Tower
05:53 Watch Tower
05:54 Watch Tower
05:56 Orc Burrow
05:57 Orc Burrow
06:13 Watch Tower
06:14 Watch Tower
06:43 Watch Tower
07:10 Watch Tower
07:29 Great Hall
07:31 Watch Tower
08:00 Watch Tower
08:28 Watch Tower
08:32 Watch Tower
09:11 Watch Tower
09:13 Watch Tower
09:33 Beastiary
09:35 Beastiary
09:58 Watch Tower
09:59 Watch Tower
10:15 Fortress
10:16 Fortress
10:16 Fortress
10:16 Fortress
11:00 Watch Tower
11:08 Watch Tower
11:22 Watch Tower
11:27 Beastiary
12:44 Watch Tower
12:45 Watch Tower
13:10 Voodoo Lounge
13:18 Voodoo Lounge
13:51 Watch Tower
14:26 Watch Tower
14:59 Watch Tower
15:00 Watch Tower
15:01 Watch Tower
15:04 Watch Tower
15:12 Watch Tower
15:49 Watch Tower
16:13 Watch Tower
16:15 Watch Tower
16:19 Watch Tower
16:22 Watch Tower
16:46 Watch Tower
17:07 Watch Tower
17:21 Beastiary
18:15 Watch Tower
18:44 Watch Tower
18:47 Watch Tower
18:58 Watch Tower
19:08 Watch Tower
22:39 Watch Tower
22:42 Watch Tower
22:42 Watch Tower
22:44 Watch Tower
22:47 Watch Tower
23:26 Watch Tower
23:27 Watch Tower
23:28 Watch Tower
23:29 Watch Tower
23:30 Watch Tower
23:30 Watch Tower
23:31 Watch Tower
23:33 Watch Tower
24:02 Watch Tower
24:02 Watch Tower
24:37 Watch Tower
24:39 Watch Tower
» items
| Lesser Clarity Potion | 4 | |
| Healing Salve | 2 | |
| Orb of Lightning | 1 | |
7 total
team 2 (loser)

»
apm14 (
pink | 41 APM | 1035 actions | 25:06)
3 Blademaster
1 Wind Walk
2 Critical Strike
» actions
| Assign group hotkey | 1 | |
| Build / train | 46 | |
| Enter build submenu | 21 | |
| Enter hero's abilities submenu | 3 | |
| Remove unit from queue | 2 | |
| Right click | 652 | |
| Select / deselect | 257 | |
| Use ability | 53 | |
1035 total
» units
» upgrades
| Armor | 1 | |
| Liquid Fire | 1 | |
| Reinforced Defenses | 1 | |
| Ranged Weapons | 1 | |
4 total
» buildings
| Orc Burrow | 4 | |
| Altar of Storms | 1 | |
| War Mill | 1 | |
| Watch Tower | 7 | |
| Stronghold | 1 | |
| Beastiary | 2 | |
| Voodoo Lounge | 1 | |
| Fortress | 1 | |
18 total
» build order
00:09 Orc Burrow
00:19 Altar of Storms
00:51 War Mill
01:27 Orc Burrow
02:07 Watch Tower
02:26 Watch Tower
03:10 Watch Tower
03:35 Watch Tower
03:53 Watch Tower
04:35 Stronghold
06:01 Watch Tower
06:43 Watch Tower
07:00 Beastiary
07:12 Beastiary
09:08 Voodoo Lounge
09:15 Orc Burrow
09:21 Orc Burrow
10:43 Fortress
» items
| Healing Salve | 3 | |
| Lesser Clarity Potion | 1 | |
| Scroll of Town Portal | 1 | |
| Orb of Lightning | 1 | |
6 total

»
feed.the.apes (
yellow | 72 APM | 1805 actions | 25:01)
2 Blademaster
1 Wind Walk
1 Critical Strike
1 Shadow Hunter
1 Healing Wave
» actions
| Assign group hotkey | 8 | |
| Basic commands | 14 | |
| Build / train | 78 | |
| Enter build submenu | 18 | |
| Enter hero's abilities submenu | 3 | |
| Remove unit from queue | 9 | |
| Right click | 1109 | |
| Select / deselect | 225 | |
| Select group hotkey | 191 | |
| Use ability | 150 | |
1805 total
» units
» upgrades
| Liquid Fire | 1 | |
| Ranged Weapons | 2 | |
3 total
» buildings
| Orc Burrow | 7 | |
| Altar of Storms | 1 | |
| War Mill | 1 | |
| Voodoo Lounge | 1 | |
| Watch Tower | 2 | |
| Stronghold | 3 | |
| Fortress | 1 | |
| Beastiary | 2 | |
18 total
» build order
00:15 Orc Burrow
00:31 Altar of Storms
01:14 War Mill
01:28 Voodoo Lounge
02:28 Watch Tower
02:33 Watch Tower
03:05 Orc Burrow
03:24 Stronghold
03:24 Stronghold
05:19 Orc Burrow
05:47 Fortress
06:01 Beastiary
06:06 Beastiary
08:05 Orc Burrow
12:24 Orc Burrow
12:30 Orc Burrow
13:06 Orc Burrow
» items
| Healing Salve | 2 | |
| Lesser Clarity Potion | 2 | |
| Scroll of Town Portal | 1 | |
5 total

»
oz_maN (
orange | 79 APM | 2012 actions | 25:27)
3 Demon Hunter
2 Mana Burn
1 Evasion
» actions
| Assign group hotkey | 27 | |
| Basic commands | 10 | |
| Build / train | 89 | |
| Enter build submenu | 29 | |
| Enter hero's abilities submenu | 3 | |
| Remove unit from queue | 4 | |
| Right click | 970 | |
| Select / deselect | 259 | |
| Select group hotkey | 568 | |
| Use ability | 53 | |
2012 total
» units
| Wisp | 51 | |
| Archer | 4 | |
| Goblin Sapper | 3 | |
| Goblin Zeppelin | 1 | |
| Chimaera | 7 | |
66 total
» upgrades
| Strength of the Moon | 1 | |
| Moon Armor | 1 | |
| Strength of the Wild | 3 | |
| Reinforced Hides | 3 | |
| Improved Bows | 1 | |
| Ultravision | 1 | |
| Well Spring | 1 | |
| Corrosive Breath | 1 | |
12 total
» buildings
| Altar of Elders | 1 | |
| Moon Well | 8 | |
| Ancient of War | 2 | |
| Hunter's Hall | 1 | |
| Ancient Protector | 3 | |
| Tree of Ages | 1 | |
| Ancient of Wind | 1 | |
| Tree of Eternity | 1 | |
| Tree of Life | 4 | |
| Chimaera Roost | 5 | |
27 total
» build order
00:13 Altar of Elders
00:36 Moon Well
01:20 Ancient of War
01:37 Moon Well
02:05 Ancient of War
02:38 Hunter's Hall
03:26 Moon Well
04:11 Ancient Protector
04:15 Ancient Protector
04:32 Ancient Protector
06:03 Moon Well
06:17 Moon Well
06:25 Tree of Ages
06:28 Moon Well
09:03 Ancient of Wind
10:31 Tree of Eternity
10:51 Tree of Life
11:06 Moon Well
11:26 Tree of Life
13:09 Chimaera Roost
13:11 Chimaera Roost
13:18 Chimaera Roost
14:30 Tree of Life
14:57 Chimaera Roost
15:02 Chimaera Roost
15:46 Moon Well
19:09 Tree of Life

»
pi[jay] (
red | 64 APM | 1631 actions | 25:24)
3 Death Knight
2 Death Coil
1 Unholy Aura
2 Lich
1 Frost Nova
1 Frost Armor
» actions
| Assign group hotkey | 53 | |
| Basic commands | 31 | |
| Build / train | 51 | |
| ESC pressed | 1 | |
| Enter build submenu | 19 | |
| Enter hero's abilities submenu | 5 | |
| Give item / drop item | 1 | |
| Remove unit from queue | 7 | |
| Right click | 843 | |
| Select / deselect | 298 | |
| Select group hotkey | 283 | |
| Use ability | 39 | |
1631 total
» units
| Acolyte | 1 | |
| Ghoul | 5 | |
| Frost Wyrm | 7 | |
| Crypt Fiend | 10 | |
23 total
» upgrades
| Web | 1 | |
| Creature Attack | 2 | |
| Freezing Breath | 1 | |
4 total
» buildings
| Altar of Darkness | 1 | |
| Crypt | 2 | |
| Ziggurat | 11 | |
| Graveyard | 1 | |
| Nerubian Tower | 1 | |
| Halls of the Dead | 3 | |
| Tomb of Relics | 1 | |
| Spirit Tower | 2 | |
| Black Citadel | 1 | |
| Sacrificial Pit | 1 | |
| Boneyard | 2 | |
26 total
» build order
00:22 Altar of Darkness
00:39 Crypt
00:58 Ziggurat
01:08 Graveyard
02:21 Ziggurat
02:23 Nerubian Tower
02:28 Ziggurat
03:14 Halls of the Dead
03:14 Halls of the Dead
03:15 Halls of the Dead
03:32 Tomb of Relics
04:18 Spirit Tower
05:03 Ziggurat
05:37 Black Citadel
05:46 Sacrificial Pit
06:01 Spirit Tower
06:17 Ziggurat
07:14 Ziggurat
07:14 Ziggurat
07:16 Ziggurat
07:17 Ziggurat
08:11 Boneyard
08:12 Boneyard
08:24 Crypt
10:22 Ziggurat
12:47 Ziggurat
» items
| Potion of Healing | 1 | |
| Scroll of Speed | 1 | |
| Orb of Corruption | 1 | |
3 total
Chat log
(20:53 / All) pizzafan1739: gg
(20:56 / All) pizzafan1739: yhou're awful
(21:04 / All) BandyWarhols: the game has been good. ur play has not
(21:13 / All) oz_maN: wat willst du huso?
(21:19 / All) apm14: your mother has been good
(21:28 / All) apm14: your sister has not
(21:30 / All) BandyWarhols: she did a good thing.. when she birthed me into the world
(21:33 / All) BandyWarhols: solely 2 own ur dumb euroheads
(21:34 / All) Birdeneering: please start playing better
(25:07 / All) pizzafan1739: LOL
(25:08 / All) pizzafan1739: LOL
(25:09 / All) pizzafan1739: LOL
(25:09 / All) pizzafan1739: LOL
(25:10 / All) pizzafan1739: LOL
(25:10 / All) Birdeneering: ^Play better guys
(25:11 / All) pizzafan1739: LOL
(25:11 / All) pizzafan1739: LOL
(25:12 / All) pizzafan1739: LOL
(25:12 / All) pizzafan1739: LOL
(25:13 / All) pizzafan1739: LOL